 Dungeon Crawl Stone Soup version 0.28.0-45-g0d030f2227 (webtiles) character file.

Game seed: 17848203319170859574

102 mortz the Firebug (level 4, 34/34 HPs)
             Began as a Hill Orc Fire Elementalist on Apr 20, 2022.
             Quit the game on level 2 of the Dungeon.
             The game lasted 00:10:07 (2903 turns).

mortz the Firebug (Hill Orc Fire Elementalist)      Turns: 2903, Time: 00:10:07

Health: 34/34      AC:  2    Str: 10    XL:     4   Next: 78%
Magic:  6/7        EV: 12    Int: 17    God:
Gold:   95         SH:  0    Dex: 11    Spells: 4/7 levels left

rFire   . . .      SeeInvis .   i - +0 short sword {short}
rCold   . . .      Faith    .   (no shield)
rNeg    . . .      Spirit   .   a - +0 robe
rPois   .          Reflect  .   (no helmet)
rElec   .          Harm     .   (no cloak)
rCorr   .          Rampage  .   (no gloves)
Will    .....                   (no boots)
Stlth   ++........              (no amulet)
HPRegen 0.11/turn               (no ring)
MPRegen 0.10/turn               (no ring)

@: no status effects
A: no striking features
a: no special abilities


You were on level 2 of the Dungeon.
You visited 1 branch of the dungeon, and saw 2 of its levels.

You collected 95 gold pieces.


   Skills:
 + Level 0.5 Fighting
 + Level 0.5 Short Blades
 + Level 1.9 Dodging
 + Level 2.0 Stealth
 + Level 2.2 Spellcasting
 + Level 1.8 Conjurations
 + Level 4.4 Fire Magic


You had 4 spell levels left.
You knew the following spells:

 Your Spells              Type           Power      Damage    Failure   Level
a - Foxfire               Conj/Fire      48%        2x1d6     5%          1
b - Scorch                Fire           32%        2d6       4%          2

Your spell library contained the following spells:

 Spells                   Type           Power      Damage    Failure   Level
 Conjure Flame            Conj/Fire      12%        6-21      16%         3
 Inner Flame              Hex/Fire       9%         N/A       22%         3
 Flame Wave               Conj/Fire      12%        2d6       45%         4

Inventory:

Hand Weapons
 b - a +0 dagger {short}
   (You took it off a kobold on level 1 of the Dungeon)
 i - a +0 short sword (weapon) {short}
   (You took it off a kobold on level 2 of the Dungeon)
Missiles
 f - 23 sling bullets
 g - 22 stones {throwing}
Armour
 a - a +0 robe (worn)
 j - a +0 pair of boots
   (You found it on level 2 of the Dungeon)
 k - a +0 leather armour
   (You found it on level 2 of the Dungeon)
Scrolls
 c - a scroll of teleportation {unknown}
 e - a scroll of identify {unknown}
Potions
 d - 2 potions of heal wounds {unknown}
 h - a potion of haste {unknown}

Dungeon Overview and Level Annotations

Branches:
Dungeon (2/15)

Altars:

# #.# # ##)# #
#... #.# .v# #.#
.ยง# #.# #ยง# #.#
###ยง# #.# #.ยง@#
#.# #.### #.###
#.# ....# #.#
.##.# ##.## ###.#
##.#.## #
#.########.###.##
#.........## ##.#
#.########.###.##


There were no monsters in sight!


Message History

Press: ? - help, Q - select action, (/) - cycle Dir - look around, f - activate You conjure some foxfire! ๐Ÿ˜Ž MP[-1]
You lost 1 mp, and now have 6/7 mp.
Casting: Foxfire (safe; 5% risk of failure)
Confirm with . or Enter, or press ? or * to list all spells.
Flames lash the adder.
The adder's fire resistance burns away.
The foxfire hits the adder.
The adder is burned terribly!
The foxfire hits the adder.
The adder is burned terribly!
You kill the adder!
Your Stealth skill increases to level 2! ๐Ÿ˜Ž MP[-2]
You lost 2 mp, and now have 4/7 mp.
You see here an adder corpse.
You now have 46 gold pieces (gained 10).
You see here a +0 hand axe {axe}.
An endoplasm comes into view.
The endoplasm quivers.
You see here a +0 chain mail. ๐Ÿ˜Ž MP[+3]
Your mp is fully restored (7).
Casting: Foxfire (safe; 5% risk of failure)
Press: ? - help, Q - select action, (/) - cycle Dir - look around, f - activate You conjure some foxfire! ๐Ÿ˜Ž MP[-1]
You lost 1 mp, and now have 6/7 mp.
Casting: Foxfire (safe; 5% risk of failure)
Press: ? - help, Q - select action, (/) - cycle Dir - look around, f - activate You conjure some foxfire!
The foxfire hits the endoplasm. x2 ๐Ÿ˜Ž MP[-1]
You lost 1 mp, and now have 5/7 mp.
The foxfire hits the endoplasm.
You kill the endoplasm!
A kobold comes into view. It is wielding a +0 short sword.
The kobold shouts! ๐Ÿ˜Ž MP[+2]
Your mp is fully restored (7).
Casting: Foxfire (safe; 5% risk of failure)
Press: ? - help, Q - select action, (/) - cycle Dir - look around, f - activate You conjure some foxfire! ๐Ÿ˜Ž MP[-1]
You lost 1 mp, and now have 6/7 mp.
Casting: Foxfire (safe; 5% risk of failure)
Press: ? - help, Q - select action, (/) - cycle Dir - look around, f - activate You conjure some foxfire!
The foxfire hits the kobold.
You kill the kobold! ๐Ÿ˜Ž MP[-1]
You lost 1 mp, and now have 5/7 mp.
g - 9 stones {throwing} (gained 4)
You see here a +0 short sword {short}. ๐Ÿ˜Ž MP[+2]
Your mp is fully restored (7).
i - a +0 short sword {short}
i - a +0 short sword (weapon)
{short}
g - 22 stones {throwing} (gained 13)
You now have 62 gold pieces (gained 16).
A kobold comes into view. It is wielding a +0 dagger.
The kobold shouts!
Casting: Foxfire (safe; 5% risk of failure)
Press: ? - help, Q - select action, (/) - cycle Dir - look around, f - activate You conjure some foxfire! ๐Ÿ˜Ž MP[-1]
You lost 1 mp, and now have 6/7 mp.
The foxfire hits the kobold but does no damage.
The foxfire hits the kobold.
You kill the kobold!
Things that are here:
a +0 dagger {short}; a kobold corpse; ๐Ÿ˜Ž MP[+1]
Your mp is fully restored (7).
A frilled lizard comes into view.
Casting: Foxfire (safe; 5% risk of failure)
Press: ? - help, Q - select action, (/) - cycle Dir - look around, f - activate You conjure some foxfire!
The frilled lizard hisses angrily. ๐Ÿ˜Ž MP[-1]
You lost 1 mp, and now have 6/7 mp.
You barely miss the frilled lizard.
The foxfire hits the frilled lizard.
You kill the frilled lizard!
j - a +0 pair of boots You now have 73 gold pieces (gained 11). ๐Ÿ˜Ž MP[+1]
Your mp is fully restored (7).
You see here a +0 leather armour.
k - a +0 leather armour You now have 90 gold pieces (gained 17).
You now have 95 gold pieces (gained 5).
There is a stone staircase leading up, spattered with blood here.
You see here a +0 whip {mace}.
You see here a +0 club {mace}.
A kobold comes into view. It is wielding a +0 dagger.
Casting: Foxfire (safe; 5% risk of failure)
Press: ? - help, Q - select action, (/) - cycle Dir - look around, f - activate You conjure some foxfire! ๐Ÿ˜Ž MP[-1]
You lost 1 mp, and now have 6/7 mp.
The foxfire hits the kobold.
You kill the kobold!
Are you sure you want to abandon this character and quit the game? (Confirm with "yes".)

Skill      XL: |  1  2  3  4 |
---------------+-------------+-----
Fire Magic     | 4 |  4.4
Spellcasting   | 2 |  2.2
Stealth        | 2 |  2.0
Fighting       | |  0.5
Short Blades   | |  0.5
Dodging        | |  1.9
Conjurations   | |  1.8

Action                   |  1- 3 |  4- 6 || total
-------------------------+-------+-------++-------
Melee: Dagger            |    32 |    15 ||    47
       Punch             |       |     2 ||     2
       Short sword       |       |     1 ||     1
 Cast: Foxfire           |    46 |    17 ||    63
       Scorch            |       |     3 ||     3
Armor: Robe              |     6 |     1 ||     7
Dodge: Dodged            |    20 |     9 ||    29

Levels and vault maps discovered:
D:1:      ncdulo_lavacross, layout_basic
D:2:      layout_loops_ring, chequers_serial_rivers_micro_c

Notes
Turn   | Place    | Note
-------+----------+-------------------------------------------
     0 | D:1      | mortz the Hill Orc Fire Elementalist began the quest for
                  | the Orb.
     0 | D:1      | Reached XP level 1. HP: 14/14 MP: 3/3
     0 | D:1      | magus.rc [v1.9.6]
   247 | D:1      | Reached XP level 2. HP: 20/20 MP: 1/4
   615 | D:1      | Reached skill level 4 in Fire Magic
   746 | D:1      | Reached XP level 3. HP: 9/26 MP: 0/5
  1645 | D:2      | HP: 6/26 [adder (3)]
  2049 | D:2      | Reached skill level 2 in Spellcasting
  2049 | D:2      | Reached XP level 4. HP: 17/33 MP: 2/7
  2065 | D:2      | Learned a level 2 spell: Scorch
  2520 | D:2      | Reached skill level 2 in Stealth
  2903 | D:2      | Quit the game

Vanquished Creatures
  5 adders (D:2)
  4 dart slugs
  5 bats
  6 endoplasms
  A giant cockroach (D:1)
  4 goblins (D:1)
  3 hobgoblins
  2 jackals (D:2)
  6 quokkas
  2 ball pythons (D:1)
  3 frilled lizards
  6 kobolds
  3 rats (D:1)
50 creatures vanquished.

Vanquished Creatures (others)
  110 foxfires
110 creatures vanquished.

Grand Total: 160 creatures vanquished

Table legend:
 A = Non-vault XP
 B = Vault XP
 C = Vault XP percentage of total XP
 D = Non-vault monster count
 E = Vault monster count
 F = Vault count percentage of total count
                 A         B        C        D         E       F
            +---------+---------+-------+---------+---------+-------
      Total |     147 |       0 |   0.0 |      50 |       0 |   0.0
            +---------+---------+-------+---------+---------+-------
        D:1 |      48 |       0 |   0.0 |      28 |       0 |   0.0
        D:2 |      99 |       0 |   0.0 |      22 |       0 |   0.0
            +---------+---------+-------+---------+---------+-------

Illustrated notes

Table legend:
 A = Kills in this place as a percentage of kills in entire the game.
 B = Kills by you in this place as a percentage of kills by you in the entire game.
 C = Kills by friends in this place as a percentage of kills by friends in the entire game.
 D = Other kills in this place as a percentage of other kills in the entire game.
 E = Experience gained in this place as a percentage of experience gained in the entire game.
 F = Experience gained in this place divided by the number of levels of this place that you have seen.
                   A       B       C       D       E      F
               +-------+-------+-------+-------+-------+----------------------
         Total | 100.0 | 100.0 |   N/A |   N/A | 100.0 |  73.5
       Dungeon | 100.0 | 100.0 |   N/A |   N/A | 100.0 |  73.5
               +-------+-------+-------+-------+-------+----------------------

Table legend: (Time is in decaauts)
 A = Elapsed time spent in this place.
 B = Non-inter-level travel time spent in this place.
 C = Inter-level travel time spent in this place.
 D = Time resting spent in this place.
 E = Time spent auto-exploring this place.
 F = Levels seen in this place.
 G = Mean time per level.
                   A        B        C        D        E       F      G
               +--------+--------+--------+--------+--------+-----+--------+
         Total |   2901 |   2874 |     27 |    284 |   2211 |   2 | 1450.5 |
       Dungeon |   2901 |   2874 |     27 |    284 |   2211 |   2 | 1450.5 |
               +--------+--------+--------+--------+--------+-----+--------+

Top non-repeatable levels by time:
     D:1: 1472 daAuts
     D:2: 1429 daAuts
